 Dungeon Crawl Stone Soup version 0.19.1 (webtiles) character file.

51 aspy the Conjurer (level 3, 0/19 HPs)
             Began as a Deep Elf Fire Elementalist on Dec 16, 2016.
             Was a Follower of Zin.
             Slain by an adder (1 damage)
             ... on level 2 of the Dungeon.
             The game lasted 00:19:39 (1744 turns).

aspy the Conjurer (Deep Elf Fire Elementalist)      Turns: 1744, Time: 00:19:39

Health: 0/19       AC:  2    Str: 10    XL:     3   Next: 57%
Magic:  3/9        EV: 13    Int: 19    God:    Zin [*.....]
Gold:   53         SH:  0    Dex: 16    Spells: 3 memorised, 2 levels left

rFire  . . .     SeeInvis .     o - +0 quarterstaff
rCold  . . .     Gourm    .     a - +0 robe
rNeg   . . .     Faith    .     (shield currently unavailable)
rPois  .         Spirit   .     h - +0 helmet
rElec  .         Reflect  .     (no cloak)
rCorr  .         Harm     .     (no gloves)
MR     .....                    (no boots)
Stlth  ++........               (no amulet)
                                (no ring)
                                (no ring)

@: mighty
A: deformed body, mutation resistance 1
a: Recite, Donate Gold, Renounce Religion


You were on level 2 of the Dungeon.
You worshipped Zin.
Zin was aware of your devotion.
You were not hungry.

You visited 1 branch of the dungeon, and saw 4 of its levels.

You collected 76 gold pieces.
You donated 23 gold pieces to Zin.

Inventory:

Hand Weapons
 n - a +0 arbalest
 o - a +0 quarterstaff (weapon)
Missiles
 i - 98 stones (quivered)
Armour
 a - a +0 robe (worn)
 h - a +0 helmet (worn)
Scrolls
 g - a scroll of teleportation {unknown}
 m - a scroll of magic mapping {unknown}
Potions
 l - a potion of beneficial mutation
Books
 b - a book of Flames

   Spells                             Type                      Level
   a - Flame Tongue                   Conjuration/Fire             1
   b - Throw Flame                    Conjuration/Fire             2
   c - Conjure Flame                  Conjuration/Fire             3
   d - Inner Flame                    Hexes/Fire                   3
   e - Sticky Flame                   Conjuration/Fire             4
   f - Fireball                       Conjuration/Fire             5
Comestibles
 c - 3 bread rations
 f - a fruit
 k - 2 beef jerkies


   Skills:
 - Level 2.4 Dodging
 - Level 2.4 Stealth
 + Level 3.1 Spellcasting
 * Level 3.8 Conjurations
 - Level 3.2 Fire Magic


You had 2 spell levels left.
You knew the following spells:

 Your Spells              Type           Power        Failure   Level  Hunger
a - Conjure Flame         Conj/Fire      ###.....     12%         3    ###....
b - Flame Tongue          Conj/Fire      ###..        4%          1    None
z - Throw Flame           Conj/Fire      ###...       8%          2    ##.....


Dungeon Overview and Level Annotations

Branches:
Dungeon (4/15)
 Temple: D:4-7

Altars:
Zin


Innate Abilities, Weirdness & Mutations

Armour fits poorly on your strangely shaped body.
You are somewhat resistant to further mutation.


Message History

The adder is heavily wounded.
The adder bites you.
* * * LOW HITPOINT WARNING * * *
The adder misses you.
Casting: Throw Flame
Confirm with . or Enter, or press ? or * to list all spells.
Aiming: Throw Flame
Press: ? - help, Shift-Dir - straight line, f/p - adder
Aim: an adder (heavily wounded)
The puff of flame misses the adder.
The adder bites you.
* * * LOW HITPOINT WARNING * * *
Casting: Throw Flame
Confirm with . or Enter, or press ? or * to list all spells.
Aiming: Throw Flame
Press: ? - help, Shift-Dir - straight line, f/p - adder
Aim: an adder (heavily wounded)
The puff of flame hits the adder.
The adder is almost dead.
The adder bites you.
You die...

### ##.##
#######.#.## #
#......###.#
####.####.#####.#S##
........#.# ##@##
#.##.##.#S# #.# .S
#.).# #.# ... #####
#.# ## #########
#.## #...[...# #..#
#.......####.####
#...............#
#.......#.##.##.#


You could see an adder.

Vanquished Creatures
  An adder (D:3)
  2 dart slugs
  A leopard gecko (D:1)
  An orc (D:3)
  4 bats
  2 giant cockroaches
  2 goblins (D:1)
  8 hobgoblins
  2 frilled lizards
  4 kobolds
  8 rats
35 creatures vanquished.

Notes
Turn   | Place    | Note
-------+----------+-------------------------------------------
     0 | D:1      | aspy the Deep Elf Fire Elementalist began the quest for the Orb.
     0 | D:1      | Reached XP level 1. HP: 10/10 MP: 6/6
   362 | D:1      | Reached XP level 2. HP: 13/15 MP: 1/8
   369 | D:1      | Learned a level 2 spell: Throw Flame
  1056 | D:2      | Found a faded altar of an unknown god.
  1064 | D:2      | Became a worshipper of Zin the Law-Giver
  1064 | D:2      | Reached * piety under Zin
  1078 | D:2      | Donated 16 gold pieces to Zin
  1096 | D:2      | Reached XP level 3. HP: 19/19 MP: 9/9
  1178 | D:2      | Learned a level 3 spell: Conjure Flame
  1376 | D:2      | You fall through a shaft for 2 floors!
  1733 | D:2      | Gained mutation: You possess an exceptional clarity of mind. [potion of beneficial mutation]
  1735 | D:2      | Gained mutation: Armour fits poorly on your strangely shaped body. [potion of mutation]
  1735 | D:2      | Lost mutation: You possess an exceptional clarity of mind. [potion of mutation]
  1735 | D:2      | Gained mutation: You are somewhat resistant to further mutation. [potion of mutation]
  1744 | D:2      | Slain by an adder

Skill      XL: |  1  2 |
---------------+-------+-----
Conjurations   | 2 3 |  3.8
Dodging        | |  2.4
Stealth        | |  2.4
Spellcasting   | |  3.1
Fire Magic     | |  3.2

Action                   || total
-------------------------++-------
Melee: Short sword       ||    26
       Quarterstaff      ||    15
 Cast: Flame Tongue      ||    12
       Throw Flame       ||    35
       Conjure Flame     ||     1
Invok: Donate Gold       ||     1
  Use: Potion            ||     4
 Stab: Sleeping          ||     7
  Eat: Fruit             ||     2
       Chunk             ||     2
Armor: Robe              ||    11
Dodge: Dodged            ||    38
